TOP OF THE 1ST |
San Francisco Giants batting - Pitching for New York Mets : RHP Marc Maniu
|
Pitching: RHP Marc Maniu
|
|
Batting: RHB Nick Rigden
|
0-0: Called Strike 0-1: Fly out, F8 (Flyball, 8LM, EV 88.8 MPH)
|
Batting: SHB Ryan Doss
|
0-0: Foul Ball, location: 2F 0-1: Swinging Strike 0-2: Ball 1-2: Strikes out swinging
|
Batting: RHB Sean Zielinski
|
0-0: Ball 1-0: Swinging Strike 1-1: Ball 2-1: Foul Ball, location: 2F 2-2: Strikes out swinging
|
Top of the 1st over - 0 runs, 0 hits, 0 errors, 0 left on base; San Francisco 0 - New York 0 |
BOTTOM OF THE 1ST |
New York Mets batting - Pitching for San Francisco Giants : RHP Ted Mosley
|
Pitching: RHP Ted Mosley
|
|
Batting: LHB Kevin Bellman
|
0-0: Ball 1-0: Ball 2-0: Ball 3-0: Called Strike 3-1: Fly out, F7 (Flyball, 7LSF, EV 89.4 MPH)
|
Batting: SHB Gus Berry
|
0-0: Called Strike 0-1: Ball 1-1: Foul Ball, location: 2F 1-2: Ground out 4-3 (Groundball, 4S, EV 85.6 MPH)
|
Batting: SHB Jonathan Jenkins
|
0-0: Ball 1-0: Called Strike 1-1: Reached on error, E4 (Groundball, 4, EV 78.1 MPH)
|
Batting: RHB Jeff Jank
|
0-0: Ball 1-0: SINGLE (Line Drive, 34D, EV 98.8 MPH) Jonathan Jenkins to third Runner from 3rd tries for Home, throw by RF and OUT! 9-2
|
Bottom of the 1st over - 0 runs, 1 hit, 1 error, 1 left on base; San Francisco 0 - New York 0 |
TOP OF THE 2ND |
San Francisco Giants batting - Pitching for New York Mets : RHP Marc Maniu
|
Batting: LHB Jack Henningar
|
0-0: Fly out, F9 (Flyball, 9, EV 89.4 MPH)
|
Batting: LHB Carey Horncole
|
0-0: Called Strike 0-1: Ball 1-1: Called Strike 1-2: Ball 2-2: Foul Ball, location: 2F 2-2: Foul Ball, location: 2F 2-2: Ball 3-2: Foul Ball, location: 2F 3-2: Base on Balls
|
Batting: RHB Lucan Esini
|
0-0: Fly out, F8 (Flyball, 8RXD, EV 109.4 MPH)
|
Batting: LHB Tom Best
|
0-0: Called Strike 0-1: Swinging Strike 0-2: Ball 1-2: Ball 2-2: Strikes out swinging
|
Top of the 2nd over - 0 runs, 0 hits, 0 errors, 1 left on base; San Francisco 0 - New York 0 |
BOTTOM OF THE 2ND |
New York Mets batting - Pitching for San Francisco Giants : RHP Ted Mosley
|
Batting: RHB Jesus Chavez
|
0-0: Swinging Strike 0-1: Swinging Strike 0-2: Foul Ball, location: 2F 0-2: Ground out 6-3 (Groundball, 6, EV 85.0 MPH)
|
Batting: SHB Javy Rosa
|
0-0: Called Strike 0-1: Ball 1-1: SINGLE (Line Drive, 89S, EV 98.1 MPH)
|
Batting: RHB Jordan Fairburn
|
0-0: Swinging Strike 0-1: Ball 1-1: Foul Ball, location: 2F 1-2: Ball 2-2: Strikes out swinging
|
Batting: LHB Sal Fernandez
|
0-0: Ground out 1-3 (Groundball, 25, EV 70.0 MPH)
|
Bottom of the 2nd over - 0 runs, 1 hit, 0 errors, 1 left on base; San Francisco 0 - New York 0 |
TOP OF THE 3RD |
San Francisco Giants batting - Pitching for New York Mets : RHP Marc Maniu
|
Batting: RHB Nate Hodson
|
0-0: Ball 1-0: Ball 2-0: Ball 3-0: Called Strike 3-1: Foul Ball, location: 2F 3-2: Base on Balls
|
Batting: SHB Bill Dooms
|
0-0: Ball 1-0: Foul Ball, location: 2F 1-1: Called Strike Nate Hodson steals 2nd base (no throw) 1-2: Foul Ball, location: 2F 1-2: Foul Ball, location: 2F 1-2: 2-RUN HOME RUN (Flyball, 9LD, EV 96.9 MPH), Distance : 356 ft
|
Batting: RHB Nick Rigden
|
0-0: Ball 1-0: Ball 2-0: Ball 3-0: Called Strike 3-1: Fly out, F4 (Popup, 34D, EV 36.2 MPH)
|
Batting: SHB Ryan Doss
|
0-0: SOLO HOME RUN (Flyball, 9D, EV 101.9 MPH), Distance : 388 ft
|
Batting: RHB Sean Zielinski
|
0-0: Called Strike 0-1: Foul Ball, location: 2F 0-2: Ball 1-2: Strikes out swinging
|
Batting: LHB Jack Henningar
|
0-0: Ball 1-0: Ball 2-0: Ball 3-0: Called Strike 3-1: Swinging Strike 3-2: Strikes out swinging
|
Top of the 3rd over - 3 runs, 2 hits, 0 errors, 0 left on base; San Francisco 3 - New York 0 |
BOTTOM OF THE 3RD |
New York Mets batting - Pitching for San Francisco Giants : RHP Ted Mosley
|
Batting: RHB Mike Phillips
|
0-0: Fly out, F9 (Flyball, 89M, EV 83.1 MPH)
|
Batting: LHB Kevin Bellman
|
0-0: Foul Ball, location: 2F 0-1: Called Strike 0-2: Ground out U3 (Groundball, 3, EV 104.4 MPH)
|
Batting: SHB Gus Berry
|
0-0: Ball 1-0: Foul Ball, location: 2F 1-1: Ground out 2-3 (Groundball, 15S, EV 71.9 MPH)
|
Bottom of the 3rd over - 0 runs, 0 hits, 0 errors, 0 left on base; San Francisco 3 - New York 0 |
TOP OF THE 4TH |
San Francisco Giants batting - Pitching for New York Mets : RHP Marc Maniu
|
Batting: LHB Carey Horncole
|
0-0: Swinging Strike 0-1: Swinging Strike 0-2: Foul Ball, location: 2F 0-2: Ball 1-2: Strikes out swinging
|
Batting: RHB Lucan Esini
|
0-0: Called Strike 0-1: Foul Ball, location: 2F 0-2: Strikes out looking
|
Batting: LHB Tom Best
|
0-0: Ball 1-0: Ball 2-0: Ball 3-0: Base on Balls
|
Batting: RHB Nate Hodson
|
0-0: Fly out, F7 (Flyball, 7LS, EV 89.4 MPH)
|
Top of the 4th over - 0 runs, 0 hits, 0 errors, 1 left on base; San Francisco 3 - New York 0 |
BOTTOM OF THE 4TH |
New York Mets batting - Pitching for San Francisco Giants : RHP Ted Mosley
|
Batting: SHB Jonathan Jenkins
|
0-0: Ball 1-0: Ball 2-0: Ball 3-0: Ground out U3 (Groundball, 3L, EV 81.9 MPH)
|
Batting: RHB Jeff Jank
|
0-0: Called Strike 0-1: Foul Ball, location: 2F 0-2: Strikes out looking
|
Batting: RHB Jesus Chavez
|
0-0: Called Strike 0-1: Swinging Strike 0-2: Strikes out swinging
|
Bottom of the 4th over - 0 runs, 0 hits, 0 errors, 0 left on base; San Francisco 3 - New York 0 |
TOP OF THE 5TH |
San Francisco Giants batting - Pitching for New York Mets : RHP Marc Maniu
|
Batting: SHB Bill Dooms
|
0-0: Ball 1-0: Foul Ball, location: 2F 1-1: DOUBLE (Line Drive, 9LM, EV 110.0 MPH)
|
Batting: RHB Nick Rigden
|
0-0: SINGLE (Line Drive, 78M, EV 98.8 MPH) Bill Dooms to third Runner from 3rd tries for Home, SAFE, throw by CF to home
|
Batting: SHB Ryan Doss
|
0-0: DOUBLE (Line Drive, 89M, EV 102.5 MPH) Nick Rigden to third
|
Batting: RHB Sean Zielinski
|
0-0: Foul Ball, location: 2F 0-1: Ground out 4-3 (Groundball, 4, EV 85.0 MPH) Nick Rigden scores Ryan Doss to third
|
Pitching: LHP Ryan Price
|
|
Batting: LHB Jack Henningar
|
0-0: Ball 1-0: Ball 2-0: Ball 3-0: Base on Balls
|
Batting: LHB Carey Horncole
|
0-0: Ball 1-0: Foul Ball, location: 2F 1-1: Foul Ball, location: 2F 1-2: Ball Jack Henningar steals 2nd base 2-2: Ground out U3 (Groundball, 3S, EV 83.1 MPH)
|
Batting: RHB Lucan Esini
|
0-0: Ball 1-0: Ball 2-0: Ball 3-0: Foul Ball, location: 2F 3-1: Base on Balls
|
Batting: LHB Tom Best
|
0-0: Ball 1-0: Called Strike 1-1: Called Strike 1-2: Strikes out swinging
|
Top of the 5th over - 2 runs, 3 hits, 0 errors, 3 left on base; San Francisco 5 - New York 0 |
BOTTOM OF THE 5TH |
New York Mets batting - Pitching for San Francisco Giants : RHP Ted Mosley
|
Batting: SHB Javy Rosa
|
0-0: Called Strike 0-1: Called Strike 0-2: Foul Ball, location: 2F 0-2: Foul Ball, location: 2F 0-2: Fly out, F9 (Flyball, 9LM, EV 109.4 MPH)
|
Batting: RHB Jordan Fairburn
|
0-0: Called Strike 0-1: Ball 1-1: Ground out 6-3 (Groundball, 6, EV 79.4 MPH)
|
Batting: LHB Sal Fernandez
|
0-0: Foul Ball, location: 2F 0-1: Ball 1-1: Ball 2-1: Ground out 1-3 (Groundball, 15, EV 73.8 MPH)
|
Bottom of the 5th over - 0 runs, 0 hits, 0 errors, 0 left on base; San Francisco 5 - New York 0 |
TOP OF THE 6TH |
San Francisco Giants batting - Pitching for New York Mets : LHP Ryan Price
|
Batting: RHB Nate Hodson
|
0-0: Ball 1-0: Ball 2-0: Called Strike 2-1: Ground out 6-3 (Groundball, 6, EV 91.9 MPH)
|
Batting: SHB Bill Dooms
|
0-0: Called Strike 0-1: Ball 1-1: Ball 2-1: Foul Ball, location: 2F 2-2: Foul Ball, location: 2F 2-2: Strikes out swinging
|
Batting: RHB Nick Rigden
|
0-0: Ball 1-0: Ball 2-0: Ball 3-0: Base on Balls
|
Pitching: RHP Brian Wood
|
|
Batting: SHB Ryan Doss
|
0-0: Ball Nick Rigden steals 2nd base (no throw) 1-0: DOUBLE (Line Drive, 78XD, EV 101.9 MPH) Nick Rigden scores
|
Batting: RHB Sean Zielinski
|
0-0: Called Strike 0-1: Swinging Strike 0-2: Ball 1-2: Strikes out looking
|
Top of the 6th over - 1 run, 1 hit, 0 errors, 1 left on base; San Francisco 6 - New York 0 |
BOTTOM OF THE 6TH |
New York Mets batting - Pitching for San Francisco Giants : RHP Ted Mosley
|
Batting: RHB Mike Phillips
|
0-0: Ball 1-0: Foul Ball, location: 2F 1-1: Swinging Strike 1-2: Foul Ball, location: 2F 1-2: Strikes out swinging
|
Batting: LHB Kevin Bellman
|
0-0: Called Strike 0-1: SOLO HOME RUN (Flyball, 78XD, EV 99.4 MPH), Distance : 381 ft
|
Batting: SHB Gus Berry
|
0-0: Swinging Strike 0-1: Foul Ball, location: 2F 0-2: Foul Ball, location: 2F 0-2: Ball 1-2: Ground out 6-3 (Groundball, 4M, EV 84.4 MPH)
|
Batting: SHB Jonathan Jenkins
|
0-0: Called Strike 0-1: Ball 1-1: Foul Ball, location: 2F 1-2: Ball 2-2: DOUBLE (Line Drive, 3D, EV 97.5 MPH)
|
Batting: RHB Jeff Jank
|
0-0: Ball 1-0: Swinging Strike 1-1: Swinging Strike 1-2: Strikes out swinging
|
Bottom of the 6th over - 1 run, 2 hits, 0 errors, 1 left on base; San Francisco 6 - New York 1 |
TOP OF THE 7TH |
San Francisco Giants batting - Pitching for New York Mets : RHP Brian Wood
|
Batting: LHB Jack Henningar
|
0-0: Ball 1-0: Ball 2-0: Ball 3-0: Base on Balls
|
Batting: LHB Carey Horncole
|
0-0: Called Strike 0-1: Ball 1-1: Ball 2-1: Called Strike 2-2: Ball 3-2: Base on Balls Jack Henningar to second
|
Batting: RHB Lucan Esini
|
0-0: Ball 1-0: Ball 2-0: Foul Ball, location: 2F 2-1: Foul Ball, location: 2F 2-2: Foul Ball, location: 2F 2-2: Fly out, F8 (Flyball, 8RM, EV 76.9 MPH)
|
Batting: LHB Tom Best
|
0-0: Ball 1-0: Ball 2-0: Fly out, F8 (Flyball, 8RD, EV 96.9 MPH)
|
Pitching: LHP Sam Schrecengost
|
|
Batting: RHB Nate Hodson
|
0-0: Ball 1-0: Called Strike 1-1: Ball 2-1: Foul Ball, location: 2F 2-2: Strikes out swinging
|
Top of the 7th over - 0 runs, 0 hits, 0 errors, 2 left on base; San Francisco 6 - New York 1 |
BOTTOM OF THE 7TH |
New York Mets batting - Pitching for San Francisco Giants : RHP Ted Mosley
|
Batting: RHB Jesus Chavez
|
0-0: Called Strike 0-1: Foul Ball, location: 2F 0-2: SINGLE (Groundball, 34D, EV 98.1 MPH)
|
Batting: SHB Javy Rosa
|
0-0: Called Strike 0-1: SINGLE (Groundball, 4MD, EV 98.8 MPH) Jesus Chavez to second Jesus Chavez to third
|
Batting: RHB Jordan Fairburn
|
0-0: SINGLE (Groundball, 6MD, EV 106.2 MPH) Jesus Chavez scores Javy Rosa to second
|
Batting: LHB Sal Fernandez
|
0-0: Called Strike 0-1: Ball 1-1: Ball 2-1: Fly out, F8 (Flyball, 8LD, EV 96.9 MPH)
|
Batting: RHB Mike Phillips
|
0-0: Called Strike 0-1: SINGLE (Line Drive, 8RS, EV 104.4 MPH) Javy Rosa to third Jordan Fairburn to second
|
Batting: LHB Kevin Bellman
|
0-0: Ball 1-0: Called Strike 1-1: Ball 2-1: Ball 3-1: Base on Balls Javy Rosa scores Jordan Fairburn to third Mike Phillips to second
|
Batting: SHB Gus Berry
|
0-0: Ball 1-0: Called Strike 1-1: Foul Ball, location: 2F 1-2: Strikes out swinging
|
Pitching: RHP Tim Welshman
|
|
Batting: SHB Jonathan Jenkins
|
0-0: Called Strike 0-1: Ground out U3 (Groundball, 34, EV 104.4 MPH)
|
Bottom of the 7th over - 2 runs, 4 hits, 0 errors, 3 left on base; San Francisco 6 - New York 3 |
TOP OF THE 8TH |
San Francisco Giants batting - Pitching for New York Mets : LHP Sam Schrecengost
|
Batting: SHB Bill Dooms
|
0-0: Called Strike 0-1: Ball 1-1: Called Strike 1-2: SINGLE (Groundball, 6MD, EV 95.0 MPH)
|
Batting: RHB Nick Rigden
|
0-0: Called Strike 0-1: Bunt - Flyout to 13S - DP at third! 1-3
|
Batting: SHB Ryan Doss
|
0-0: Ball 1-0: Fly out, F7 (Flyball, 7, EV 83.1 MPH)
|
Top of the 8th over - 0 runs, 1 hit, 0 errors, 0 left on base; San Francisco 6 - New York 3 |
BOTTOM OF THE 8TH |
New York Mets batting - Pitching for San Francisco Giants : RHP Tim Welshman
|
Batting: RHB Jeff Jank
|
0-0: Called Strike 0-1: Ground out 6-3 (Groundball, 6, EV 81.2 MPH)
|
Batting: SHB Sean Cook
|
0-0: Ball 1-0: Foul Ball, location: 2F 1-1: Swinging Strike 1-2: Ball 2-2: Strikes out looking
|
Batting: SHB Javy Rosa
|
0-0: Called Strike 0-1: Ball 1-1: Ball 2-1: Called Strike 2-2: Ball 3-2: Foul Ball, location: 2F 3-2: Fly out, F7 (Flyball, 7, EV 83.1 MPH)
|
Bottom of the 8th over - 0 runs, 0 hits, 0 errors, 0 left on base; San Francisco 6 - New York 3 |
TOP OF THE 9TH |
San Francisco Giants batting - Pitching for New York Mets : LHP Sam Schrecengost
|
Pitching: RHP Ben Dicks
|
|
Batting: RHB Sean Zielinski
|
0-0: Ball 1-0: Ball 2-0: Ball 3-0: Called Strike 3-1: Base on Balls
|
Batting: LHB Jack Henningar
|
0-0: Ball 1-0: Ball 2-0: Ball 3-0: Base on Balls Sean Zielinski to second
|
Batting: LHB Carey Horncole
|
0-0: Called Strike 0-1: Foul Ball, location: 2F 0-2: Ball 1-2: Strikes out swinging
|
Batting: RHB Lucan Esini
|
0-0: Ball 1-0: Ball 2-0: Ball 3-0: Called Strike 3-1: Fly out, F9 (Flyball, 9D, EV 103.1 MPH) Runner from 2nd tags up, SAFE at 3rd, no throw by RF
|
Batting: LHB Tom Best
|
0-0: Ball 1-0: Ball 2-0: Called Strike 2-1: Fly out, F7 (Flyball, 78M, EV 90.6 MPH)
|
Top of the 9th over - 0 runs, 0 hits, 0 errors, 2 left on base; San Francisco 6 - New York 3 |
BOTTOM OF THE 9TH |
New York Mets batting - Pitching for San Francisco Giants : RHP Tim Welshman
|
Pitching: RHP Andrew Kindig
|
|
Batting: RHB Jordan Fairburn
|
0-0: SINGLE (Groundball, 6S, EV 70.6 MPH) (infield hit)
|
Batting: LHB Sal Fernandez
|
0-0: Ball 1-0: Called Strike 1-1: Swinging Strike 1-2: Fly out, F6 (Popup, 6MS, EV 70.0 MPH)
|
Pinch Hitting: SHB Roberto Magne
|
0-0: Ball 1-0: Foul Ball, location: 2F 1-1: Called Strike 1-2: Ball 2-2: Strikes out swinging
|
Batting: LHB Kevin Bellman
|
0-0: Foul Ball, location: 2F 0-1: Fly out, F9 (Line Drive, 89S, EV 90.0 MPH)
|
Bottom of the 9th over - 0 runs, 1 hit, 0 errors, 1 left on base; San Francisco 6 - New York 3 |
|